 Dungeon Crawl Stone Soup version 0.27.1-35-g4d5d836560 (webtiles) character file.

Game seed: 14809183084813477580

29 cbfl8 the Sneak (level 3, -3/33 HPs)
             Began as a Minotaur Delver on Mar 18, 2022.
             Slain by Ijyb (6 damage)
             ... on level 5 of the Dungeon.
             The game lasted 00:01:03 (237 turns).

cbfl8 the Sneak (Minotaur Delver)                    Turns: 237, Time: 00:01:03

Health: -3/33      AC:  3    Str: 16    XL:     3   Next: 1%
Magic:  2/2        EV: 12    Int: 13    God:
Gold:   0          SH:  0    Dex: 12    Spells: 2/2 levels left

rFire    . . .     SeeInvis .   a - +0 hand axe
rCold    . . .     Faith    +   (no shield)
rNeg     . . .     Spirit   .   b - +0 leather armour
rPois    .         Reflect  .   (helmet restricted)
rElec    .         Harm     .   (no cloak)
rCorr    .         Rampage  .   (no gloves)
Will     .....                  (no boots)
Stlth    ++........             i - amulet of faith
HPRegen  0.11/turn              h - +6 ring of intelligence
MPRegen  0.08/turn              (no ring)

@: hasted (expiring), very quick
A: horns 2, retaliatory headbutt
a: no special abilities


You were on level 5 of the Dungeon.
You visited 1 branch of the dungeon, and saw 2 of its levels.

Inventory:

Hand Weapons
 a - a +0 hand axe (weapon)
Armour
 b - a +0 leather armour (worn)
Jewellery
 h - a +6 ring of intelligence (left hand)
 i - an amulet of faith (around neck)
Wands
 g - a wand of digging (3)
Scrolls
 c - a scroll of fog


   Skills:
 + Level 3.8 Fighting
 + Level 2.5 Axes
 + Level 0.3 Armour
 + Level 2.4 Dodging
 + Level 4.6 Stealth


You had 2 spell levels left.
You didn't know any spells.
Your spell library was empty.

Dungeon Overview and Level Annotations

Branches:
Dungeon (6/15)
 Temple: D:4-7

Altars:

Annotations:
D:5 Ijyb


Innate Abilities, Weirdness & Mutations

You have a pair of horns on your head.
You reflexively headbutt those who attack you in melee.


Message History

You feel yourself speed up.
You hit the fungus but do no damage. You hit the fungus.
The fungus begins to die.
You slash the fungus!
The fungus begins to die.
The fungus is lightly damaged.
You hit the fungus. You completely miss the fungus. You headbutt the fungus!
The fungus is lightly damaged.
You completely miss the fungus. You hit Ijyb but do no damage.
You hit the fungus. You headbutt the fungus.
The fungus is lightly damaged.
You hit Ijyb but do no damage. You hit the fungus. Ijyb closely misses you.
You furiously retaliate!
You headbutt Ijyb, but do no damage. You hit the fungus but do no damage.
The fungus is lightly damaged.
You hit the fungus. You closely miss Ijyb. Ijyb misses you.
You hit the fungus.
The fungus is lightly damaged.
You hit the fungus.
Your leather armour prevents you from hitting Ijyb.
A nearby fungus withers and dies. x2
Ijyb screams, "Me kill you!"
Ijyb zaps a wand.
The puff of flame hits you.
* * * LOW HITPOINT WARNING * * *
You slash the fungus!
The fungus begins to die.
The fungus is lightly damaged.
You hit the fungus.
The fungus is lightly damaged.
You closely miss Ijyb. Ijyb closely misses you.
You hit the fungus.
The fungus is lightly damaged.
You hit Ijyb. Ijyb hits you but does no damage.
You hit the fungus.
The fungus is lightly damaged.
You barely miss Ijyb.
Your extra speed is starting to run out.
You hit the fungus.
The fungus is lightly damaged.
You barely miss Ijyb. Ijyb hits you with a +0 dagger.
You die...

.......# .......#
#.....g# #......#
#......########♣
#............#.♣♣♣
###########....PP♣♣
##....P.♣ ###.g@♣.♣
##♣♣♣


You could see Ijyb.

Vanquished Creatures
  A hound (D:5)
1 creature vanquished.

Vanquished Creatures (others)
  2 fungi (D:5)
2 creatures vanquished.

Grand Total: 3 creatures vanquished

Notes
Turn   | Place    | Note
-------+----------+-------------------------------------------
     0 | D:5      | cbfl8 the Minotaur Delver began the quest for the Orb.
     0 | D:5      | Reached XP level 1. HP: 19/19 MP: 0/0
    58 | D:5      | Noticed a hound
    63 | D:5      | Noticed Ijyb
   201 | D:5      | Killed a hound
   202 | D:5      | Reached XP level 2. HP: 13/27 MP: 1/1
   202 | D:5      | Reached XP level 3. HP: 15/33 MP: 2/2
   237 | D:5      | Slain by Ijyb

Illustrated notes

Levels and vault maps discovered:
D:5:      layout_basic, uniq_ijyb, uniq_crazy_yiuf_cottage
D:6:      layout_gridville, nicolae_vehumet_radiance,
          lightli_ossuary_entry_decrepit_ruins, minmay_misc_feat_encased

Action                   || total
-------------------------++-------
Melee: Hand axe          ||    17
       Headbutt          ||     4
  Use: Scroll            ||     2
       Potion            ||     1
Armor: Leather armour    ||     3
Dodge: Dodged            ||     9
